General information
- name: BNet
- type: Ladder 1vs1/FFA
- host: Battle.net
- saver: GogMagog
map: GnollWood
- players: 2
- length: 44:51
- speed: Fast
- version: 1.26 W3XP
- replay type: Public
» download(131 KB)
Players
team 1 (winner)
GogMagog (
teal | 63 APM | 2816 actions | 44:51)
7 Blood Mage
3 Flame Strike
3 Siphon Mana
1 Summon Phoenix
» actions
| Assign group hotkey | 168 | |
| Basic commands | 63 | |
| Build / train | 172 | |
| Enter build submenu | 74 | |
| Enter hero's abilities submenu | 7 | |
| Give item / drop item | 2 | |
| Remove unit from queue | 12 | |
| Right click | 1092 | |
| Select / deselect | 675 | |
| Select group hotkey | 322 | |
| Use ability | 228 | |
2816 total
» units
| Peasant | 24 | |
| Footman | 5 | |
| Sorceress | 3 | |
| Knight | 10 | |
| Dragonhawk Rider | 7 | |
| Flying Machine | 17 | |
| Priest | 8 | |
74 total
» upgrades
| Lumber Harvesting | 2 | |
| Sorceress Training | 2 | |
| Magic Sentry | 1 | |
| Swords | 3 | |
| Cloud | 1 | |
| Plating | 3 | |
| Animal War Training | 1 | |
| Priest Training | 2 | |
| Masonry | 3 | |
| Flak Cannons | 1 | |
| Flying Machine Bombs | 1 | |
| Gunpowder | 1 | |
| Armor | 2 | |
23 total
» buildings
| Altar of Kings | 1 | |
| Barracks | 2 | |
| Farm | 11 | |
| Arcane Vault | 3 | |
| Keep | 1 | |
| Lumber Mill | 2 | |
| Town Hall | 6 | |
| Scout Tower | 39 | |
| Guard Tower | 15 | |
| Arcane Sanctum | 1 | |
| Castle | 1 | |
| Blacksmith | 1 | |
| Gryphon Aviary | 2 | |
| Workshop | 1 | |
| Arcane Tower | 1 | |
87 total
» build order
00:20 Altar of Kings
00:30 Barracks
00:39 Farm
00:51 Farm
00:54 Farm
02:04 Farm
02:58 Arcane Vault
03:55 Keep
04:33 Lumber Mill
05:26 Town Hall
05:34 Scout Tower
05:34 Scout Tower
05:37 Scout Tower
05:38 Scout Tower
06:11 Scout Tower
06:16 Guard Tower
06:21 Arcane Sanctum
06:43 Guard Tower
06:47 Scout Tower
06:50 Scout Tower
06:53 Scout Tower
07:28 Guard Tower
08:25 Scout Tower
08:25 Scout Tower
08:26 Scout Tower
08:28 Scout Tower
09:13 Guard Tower
09:48 Barracks
09:52 Castle
12:31 Blacksmith
14:10 Gryphon Aviary
14:12 Gryphon Aviary
15:00 Farm
15:00 Farm
15:00 Farm
15:03 Farm
16:47 Farm
16:47 Farm
16:58 Farm
18:22 Workshop
23:53 Arcane Vault
25:24 Town Hall
30:01 Scout Tower
30:07 Scout Tower
30:09 Scout Tower
30:09 Scout Tower
30:32 Arcane Vault
31:18 Arcane Tower
32:18 Town Hall
33:05 Scout Tower
33:05 Scout Tower
33:06 Scout Tower
33:06 Scout Tower
33:06 Scout Tower
35:24 Guard Tower
36:08 Town Hall
36:27 Scout Tower
36:28 Scout Tower
36:29 Scout Tower
37:03 Guard Tower
37:24 Town Hall
37:27 Scout Tower
37:28 Scout Tower
37:28 Scout Tower
37:28 Scout Tower
37:30 Scout Tower
37:32 Scout Tower
38:00 Guard Tower
38:04 Lumber Mill
39:56 Guard Tower
40:10 Scout Tower
40:11 Scout Tower
40:15 Scout Tower
40:20 Scout Tower
40:38 Scout Tower
40:41 Guard Tower
40:42 Guard Tower
41:55 Guard Tower
41:57 Scout Tower
42:00 Scout Tower
42:02 Scout Tower
42:03 Scout Tower
42:27 Guard Tower
42:29 Guard Tower
42:34 Guard Tower
42:35 Guard Tower
42:58 Town Hall
» items
| Boots of Speed | 1 | |
| Periapt of Vitality | 1 | |
| Potion of Invisibility | 1 | |
| Staff of Teleportation | 1 | |
| Potion of Healing | 9 | |
| Scroll of Regeneration | 8 | |
| Scroll of Town Portal | 10 | |
| Potion of Mana | 3 | |
| Lesser Clarity Potion | 2 | |
| Potion of Lesser Invulnerability | 1 | |
37 total
team 2 (loser)

»
vague305 (
blue | 46 APM | 2046 actions | 44:49)
5 Death Knight
3 Unholy Aura
2 Death Coil
4 Crypt Lord
2 Carrion Beetles
2 Spiked Carapace
» actions
| Basic commands | 14 | |
| Build / train | 130 | |
| Enter build submenu | 42 | |
| Enter hero's abilities submenu | 9 | |
| Give item / drop item | 3 | |
| Remove unit from queue | 7 | |
| Right click | 1007 | |
| Select / deselect | 724 | |
| Use ability | 110 | |
2046 total
» units
| Acolyte | 38 | |
| Ghoul | 3 | |
| Crypt Fiend | 10 | |
| Gargoyle | 7 | |
| Obsidian Statue | 6 | |
| Frost Wyrm | 2 | |
66 total
» upgrades
| Creature Attack | 3 | |
| Creature Carapace | 3 | |
| Web | 1 | |
| Freezing Breath | 1 | |
| Destroyer Form | 1 | |
9 total
» buildings
| Ziggurat | 17 | |
| Altar of Darkness | 1 | |
| Crypt | 1 | |
| Graveyard | 1 | |
| Tomb of Relics | 1 | |
| Spirit Tower | 18 | |
| Necropolis | 1 | |
| Nerubian Tower | 3 | |
| Halls of the Dead | 1 | |
| Sacrificial Pit | 2 | |
| Slaughterhouse | 1 | |
| Black Citadel | 2 | |
| Boneyard | 1 | |
50 total
» build order
00:08 Ziggurat
00:11 Altar of Darkness
01:08 Crypt
01:32 Graveyard
01:53 Ziggurat
03:13 Tomb of Relics
05:39 Ziggurat
05:47 Ziggurat
06:30 Ziggurat
06:38 Ziggurat
07:35 Ziggurat
07:36 Spirit Tower
07:38 Spirit Tower
08:14 Necropolis
08:33 Nerubian Tower
09:13 Spirit Tower
10:20 Nerubian Tower
10:42 Halls of the Dead
13:11 Sacrificial Pit
13:41 Sacrificial Pit
13:42 Spirit Tower
13:47 Nerubian Tower
14:27 Ziggurat
14:44 Slaughterhouse
14:59 Ziggurat
15:27 Spirit Tower
17:07 Spirit Tower
18:38 Ziggurat
19:15 Ziggurat
20:25 Ziggurat
21:42 Black Citadel
22:18 Spirit Tower
27:18 Spirit Tower
27:18 Spirit Tower
28:49 Boneyard
30:37 Ziggurat
33:35 Spirit Tower
33:35 Spirit Tower
37:56 Ziggurat
42:41 Ziggurat
42:44 Ziggurat
42:49 Ziggurat
43:38 Spirit Tower
43:39 Spirit Tower
43:40 Spirit Tower
44:05 Spirit Tower
44:05 Spirit Tower
» items
| Rod of Necromancy | 2 | |
| Sacrificial Skull | 1 | |
| Dust of Appearance | 1 | |
| Potion of Healing | 2 | |
| Scroll of Town Portal | 4 | |
| Orb of Corruption | 1 | |
11 total
Chat log
(12:36 / All) GogMagog: whoops
(15:56 / All) GogMagog: SHITTtttt
(17:46 / All) GogMagog: dd
(17:47 / All) GogMagog: tt
(27:20 / All) GogMagog: retarded pathfinding
(35:52 / All) GogMagog: I probably got 20 apm this is embarrassing for you laqwl
(44:17 / All) GogMagog: lawls
(44:35 / All) GogMagog: gg you lose fag
(44:46 / All) vague305: noob